 Dungeon Crawl Stone Soup version 0.28-a0-1167-g616b1c6417 (webtiles) character file.

Game seed: 4669353982754533691

516 AarnesTheHuman the Covered (level 7, 0/56 HPs)
             Began as a Formicid Fighter on Dec 16, 2021.
             Was a Follower of Qazlal.
             Blown up by Ijyb (20 damage)
             ... with a mindburst bolt
             ... on level 5 of the Dungeon.
             The game lasted 00:09:21 (4884 turns).

AarnesTheHuman the Covered (Formicid Fighter)       Turns: 4884, Time: 00:09:21

Health: 0/56       AC:  8    Str: 22    XL:     7   Next: 44%
Magic:  9/9        EV: 13    Int:  8    God:    Qazlal [*.....]
Gold:   240        SH: 11    Dex: 10    Spells: 6/6 levels left

rFire   . . .      SeeInvis +   a - +0 war axe
rCold   . . .      Faith    .   c - +0 buckler
rNeg    . . .      Spirit   .   b - +0 scale mail
rPois   .          Reflect  +   (helmet unavailable)
rElec   .          Harm     .   (no cloak)
rCorr   +          Rampage  .   (no gloves)
Will    .....                   o - +0 pair of boots
Stlth   ..........              h - amulet of reflection
HPRegen 0.18/turn               p - ring of resist corrosion
MPRegen 0.11/turn               r - +4 ring of evasion

@: no status effects
A: permanent stasis, dig shafts and tunnels, antennae 3, four strong arms
a: Dig, Shaft Self, Renounce Religion


You were on level 5 of the Dungeon.
You worshipped Qazlal.
Qazlal was aware of your devotion.
You visited 1 branch of the dungeon, and saw 5 of its levels.

You collected 240 gold pieces.

Inventory:

Hand Weapons
 a - a +0 war axe (weapon)
Missiles
 i - 8 poisoned darts (quivered)
 m - 96 stones
 n - 14 bolts
Armour
 b - a +0 scale mail (worn)
 c - a +0 buckler (worn)
 f - a +0 scale mail
 o - a +0 pair of boots (worn)
Jewellery
 h - an amulet of reflection (around neck)
 p - a ring of resist corrosion (left hand)
 r - a +4 ring of evasion (right hand)
Wands
 k - a wand of charming (8)
 s - a wand of polymorph (14)
Scrolls
 g - 3 scrolls of magic mapping
 q - a scroll of enchant weapon {unknown}
Potions
 d - 4 potions of might
 e - 3 potions of lignification {unknown}
 j - 2 potions of heal wounds
 l - a potion of flight


   Skills:
 + Level 5.2 Fighting
 + Level 4.2 Axes
 + Level 5.3 Armour
 - Level 3.7 Shields
 + Level 3.6 Invocations


You had 6 spell levels left.
You didn't know any spells.
Your spell library contained the following spells:

 Spells                   Type           Power      Damage    Failure   Level
 Apportation              Tloc           0%         N/A       71%         1
 Ignite Poison            Fire/Tmut/Pois 0%         N/A       97%         3
 Mephitic Cloud           Conj/Pois/Air  0%         N/A       97%         3
 Alistair's Intoxication  Tmut/Pois      0%         N/A       100%        5
 Freezing Cloud           Conj/Ice/Air   0%         6-21      100%        5


Dungeon Overview and Level Annotations

Branches:
Dungeon (5/15)
 Temple: D:4-7

Altars:
Ashenzari
Cheibriados
Gozag
Qazlal
Zin

Annotations:
D:4 exclusion: 2 downstairs
D:5 Ijyb


Innate Abilities, Weirdness & Mutations

You cannot be hasted, slowed, berserked, paralysed or teleported.
You can dig through walls and to a lower floor.
You have a pair of large antennae on your head. (SInv)
Your four strong arms can wield two-handed weapons with a shield.


Message History

You barely miss Ijyb.
Ijyb is heavily wounded.
Ijyb hits you but does no damage.
You barely miss Ijyb.
Ijyb is heavily wounded.
Ijyb hits you with a +0 dagger.
You closely miss Ijyb.
Ijyb is heavily wounded.
Ijyb zaps a wand.
Your mind is blasted!
Ijyb hits you with a +0 dagger.
You barely miss Ijyb.
Ijyb is heavily wounded.
Ijyb hits you but does no damage.
You hit Ijyb.
Ijyb is severely wounded.
Ijyb zaps a wand.
Your mind is blasted!
You completely miss Ijyb.
Ijyb is severely wounded.
Ijyb zaps a wand.
Your mind is blasted!
You closely miss Ijyb.
Ijyb is severely wounded.
You block Ijyb's attack. x2
You hit Ijyb.
Ijyb is severely wounded.
Ijyb zaps a wand.
You struggle to resist.
You barely miss Ijyb.
Ijyb is severely wounded.
Ijyb zaps a wand.
Your mind is blasted!
You completely miss Ijyb.
Ijyb is severely wounded.
You block Ijyb's attack. Ijyb hits you but does no damage.
You closely miss Ijyb.
Ijyb is severely wounded.
Ijyb hits you but does no damage.
You barely miss Ijyb.
Ijyb is severely wounded.
You block Ijyb's attack.
You barely miss Ijyb.
Ijyb is severely wounded.
Ijyb zaps a wand.
Your mind is blasted!
You die...

#.# #. #.# ###M #.#
... #.# #.
##########.###### #.
#<........#.....###{
#.#.######.####..##.
#.##g# #.# ##.#.#.
#.#@## #.###.###..
#.### #.##.## ##.
#.# #.###.###.. #g#
#(.....#... #.#
###..##.### ###.#
#......... #...#
#.###.###. #.###
#.#w#_#w#. #.#
#.#######)


You could see Ijyb.

Vanquished Creatures
  Menkaure (D:5)
  A black bear (D:4)
  A phantom (D:5)
  2 centaur skeletons
  A hound (D:5)
  8 adders
  An adder skeleton (D:5)
  3 worms
  2 dart slugs
  6 orcs
  3 bats
  6 endoplasms
  A giant cockroach (D:2)
  5 goblins
  4 hobgoblins
  A quokka (D:2)
  4 ball pythons
  3 frilled lizards (D:1)
  5 kobolds
  6 rats
64 creatures vanquished.

Vanquished Creatures (others)
  A goblin (D:1)
  2 plants (D:4)
3 creatures vanquished.

Grand Total: 67 creatures vanquished

Notes
Turn   | Place    | Note
-------+----------+-------------------------------------------
     0 | D:1      | AarnesTheHuman the Formicid Fighter began the quest for the
                  | Orb.
     0 | D:1      | Reached XP level 1. HP: 18/18 MP: 1/1
   195 | D:1      | Reached XP level 2. HP: 24/24 MP: 2/2
   910 | D:1      | Reached XP level 3. HP: 21/29 MP: 3/3
  1382 | D:2      | Found a stormy altar of Qazlal.
  1391 | D:2      | Became a worshipper of Qazlal Stormbringer
  1871 | D:2      | Reached XP level 4. HP: 31/37 MP: 4/4
  1955 | D:2      | Reached skill level 1 in Invocations
  2559 | D:3      | Reached XP level 5. HP: 27/42 MP: 4/6
  2848 | D:3      | Found a faded altar of an unknown god.
  3156 | D:4      | Reached * piety under Qazlal
  3441 | D:4      | Found a glowing silver altar of Zin.
  3441 | D:4      | Found an opulent altar of Gozag.
  3441 | D:4      | Found a broken altar of Ashenzari.
  3868 | D:5      | Entered Level 5 of the Dungeon
  3877 | D:5      | Noticed a black bear
  3949 | D:4      | Killed a black bear
  3950 | D:4      | Reached XP level 6. HP: 42/49 MP: 7/7
  4012 | D:5      | Noticed a torpor snail
  4014 | D:5      | Found a snail-covered altar of Cheibriados.
  4015 | D:5      | Noticed a torpor snail
  4016 | D:5      | Noticed a torpor snail
  4179 | D:5      | Noticed Menkaure
  4209 | D:5      | Reached skill level 5 in Armour
  4235 | D:5      | Reached skill level 5 in Fighting
  4235 | D:5      | Reached XP level 7. HP: 52/56 MP: 9/9
  4431 | D:5      | Killed Menkaure
  4744 | D:5      | Noticed Ijyb
  4884 | D:5      | Blown up by Ijyb

Illustrated notes

Levels and vault maps discovered:
D:1:      lemuel_arrival_river_ford, layout_loops_ring, lemuel_flame_loot_1
D:2:      layout_basic, basic_altar
D:3:      layout_basic, ebering_ecumenical_altar_webs
D:4:      nicolae_BIG_FREAKIN_CUBE, layout_basic,
          gammafunk_temple_overflow_forgotten
D:5:      layout_loops_ring, cheibriados_altar_2, uniq_menkaure, uniq_ijyb

Skill      XL: |  1  2  3  4  5  6  7 |
---------------+----------------------+-----
Fighting       | 4 5 |  5.2
Armour         | 4 5 |  5.3
Invocations    | 1 2 3 |  3.6
Axes           | 3 4 |  4.2
Shields        | |  3.7

Action                   |  1- 3 |  4- 6 |  7- 9 || total
-------------------------+-------+-------+-------++-------
Melee: War axe           |   107 |   125 |    26 ||   258
Throw: Dart              |       |     6 |       ||     6
 Abil: Dig               |       |     2 |     1 ||     3
  Use: Potion            |       |     2 |       ||     2
       Scroll            |       |     4 |       ||     4
Armor: Scale mail        |    44 |    71 |     6 ||   121
Dodge: Dodged            |    52 |    59 |     4 ||   115
Block: Buckler           |    30 |    35 |     6 ||    71

Table legend: (Time is in decaauts)
 A = Elapsed time spent in this place.
 B = Non-inter-level travel time spent in this place.
 C = Inter-level travel time spent in this place.
 D = Time resting spent in this place.
 E = Time spent auto-exploring this place.
 F = Levels seen in this place.
 G = Mean time per level.
                   A        B        C        D        E       F      G
               +--------+--------+--------+--------+--------+-----+--------+
         Total |   4989 |   4843 |    146 |    925 |   3064 |   5 |  997.8 |
       Dungeon |   4989 |   4843 |    146 |    925 |   3064 |   5 |  997.8 |
               +--------+--------+--------+--------+--------+-----+--------+

Top non-repeatable levels by time:
     D:1: 1418 daAuts
     D:4: 1274 daAuts
     D:2: 1002 daAuts
     D:3: 780 daAuts
     D:5: 514 daAuts
